 Dungeon Crawl Stone Soup version 0.29.1-13-g9f3cf754e1 (webtiles) character file.

Game seed: 17467912568185812762

515 hawla the Chiller (level 7, -3/52 HPs)
             Began as a Meteoran Ice Elementalist on Jan 22, 2023.
             Slain by Edmund
             ... wielding a +1 vorpal dire flail
              (18 damage)
             ... on level 5 of the Dungeon.
             The game lasted 00:07:06 (869 turns).

hawla the Chiller (Meteoran Ice Elementalist)        Turns: 869, Time: 00:07:07

Health: -3/52      AC:  3    Str: 10    XL:     7   Next: 72%
Magic:  3/15       EV: 13    Int: 18    God:
Gold:   112        SH:  0    Dex: 15    Spells: 7/15 levels left

rFire   . . .      SeeInvis .   j - +0 long sword
rCold   . . .      Faith    .   (no shield)
rNeg    . . .      Spirit   .   a - +0 robe
rPois   .          Reflect  .   (no helmet)
rElec   .          Harm     .   (no cloak)
rCorr   .          Rampage  .   (no gloves)
Will    +....                   h - +0 pair of boots
Stlth   +.........              (no amulet)
HPRegen 0.17/turn               e - ring of willpower
MPRegen 0.14/turn               i - ring of flight

@: freezing walls, flying, glowing
A: sense surroundings 1, otherworldly, glowing, explore regen
a: no special abilities


You were on level 5 of the Dungeon.
You visited 1 branch of the dungeon, and saw 5 of its levels.

You collected 112 gold pieces.

Inventory:

Hand Weapons
 j - a +0 long sword (weapon)
Armour
 a - a +0 robe (worn)
 h - a +0 pair of boots (worn)
Jewellery
 e - a ring of willpower (left hand)
 i - a ring of flight (right hand)
Potions
 b - a potion of heal wounds {unknown}
 d - 2 potions of cancellation {unknown}
 f - a potion of brilliance {unknown}
 g - 3 potions of attraction {unknown}


   Skills:
 + Level 1.0 Fighting
 + Level 3.0 Dodging
 - Level 1.4 Stealth
 + Level 4.7 Spellcasting
 + Level 5.6 Conjurations
 + Level 6.2 Ice Magic


You had 7 spell levels left.
You knew the following spells:

 Your Spells              Type           Power      Damage    Failure   Level
a - Freeze                Ice            100%       1d11      1%          1
b - Frozen Ramparts       Ice            52%        1d8       3%          3
c - Hailstorm             Conj/Ice       25%        3d7       12%         4

Your spell library contained the following spells:

 Spells                   Type           Power      Damage    Failure   Level
 Ozocubu's Armour         Ice            26%        N/A       3%          3


Dungeon Overview and Level Annotations

Branches:
Dungeon (5/15) Zot: 2130
 Temple: D:4-7

Altars:

Shops:
D:5 (

Portals:
Abyss: D:4

Annotations:
D:5 Edmund


Innate Abilities, Weirdness & Mutations

You passively map a small area around you.
You are easily found by Zot.
You glow in the dark.
You regain HP and MP as you explore.


Message History

The hail pelts the white imp.
The white imp partially resists.
The white imp is heavily wounded.
The hail pelts Edmund!
Edmund is moderately wounded.
The wall freezes the hound.
The hound bites you.
The white imp resists.
The wall freezes the white imp.
The wall freezes the hound.
The hound bites you but does no damage.
Casting: Hailstorm (quite dangerous; 12% risk of failure)
Confirm with . or Enter, or press ? or * to list all spells.
The spell is quite dangerous to miscast (12% risk of failure)!
Continue anyway?
Casting: Hailstorm (quite dangerous; 12% risk of failure)
Press: ? - help, Dir - look around, f - activate A cannonade of hail descends around you!
The hail pelts the white imp.
The white imp partially resists.
The white imp is almost dead.
The hail pelts Edmund!
Edmund is heavily wounded.
The wall freezes the hound.
The hound barely misses you.
The white imp resists.
The wall freezes the white imp.
You kill the white imp!
Your Fighting skill increases to level 1!
Unknown command.
Casting: Hailstorm (quite dangerous; 12% risk of failure)
Confirm with . or Enter, or press ? or * to list all spells.
Aiming: Freeze (safe; 1% risk of failure)
Press: ? - help, Shift-Dir - straight line, f - Edmund
Aim: Edmund, wielding a +1 vorpal dire flail and wearing a +2 chain mail of fire resistance (heavily wounded)
You freeze Edmund!
Edmund is severely wounded.
The wall freezes the hound.
You kill the hound!
The wall freezes Edmund but does no damage.
Edmund hits you with a +1 vorpal dire flail!
* * * LOW HITPOINT WARNING * * *
x2 It was a potion of curing.
You feel better.
The wall freezes Edmund.
Edmund hits you with a +1 vorpal dire flail!
* * * LOW HITPOINT WARNING * * *
x2 You feel better.
The wall freezes Edmund.
Edmund hits you with a +1 vorpal dire flail!!
You die...

....###..⌠.⌠.........#
* ....#
#.8.∩.8........# ..).#
#..⌠.⌠.....$...# ....#
#.8.8.8..5.....# ....#
#..##........... *
....# ##..............
, ....#
###...#######.. ,
....#### #....#### * .
.......# #...?.†@#
###....# #######.@.#
#....# , ......#,
#....# ####...# , ,
#....# ##.# #....# *
*.# ** #.)..# * .
#....# * , . ###### ,
, ,


You could see Edmund.

Vanquished Creatures
  An ogre (D:5)
  A scorpion (D:5)
  A necrophage (D:4)
  A howler monkey (D:4)
  2 orc priests (D:5)
  A hound (D:5)
  2 iguanas
  2 orc wizards (D:5)
  4 adders
  A white imp (D:5)
  16 orcs
  3 ball pythons
  4 endoplasms
  A giant cockroach (D:2)
  A goblin (D:1)
  3 hobgoblins
  A bat (D:2)
  A frilled lizard (D:1)
  3 kobolds
  A rat (D:1)
50 creatures vanquished.

Notes
Turn   | Place    | Note
-------+----------+-------------------------------------------
     0 | D:1      | hawla the Meteoran Ice Elementalist began the quest for the
                  | Orb.
     0 | D:1      | Reached XP level 1. HP: 14/14 MP: 5/5
   100 | D:1      | Reached XP level 2. HP: 20/20 MP: 4/6
   221 | D:4      | Noticed a howler monkey
   229 | D:4      | Reached skill level 5 in Ice Magic
   229 | D:4      | Reached XP level 3. HP: 17/26 MP: 1/8
   229 | D:4      | Reached XP level 4. HP: 22/33 MP: 1/10
   272 | D:4      | Noticed a necrophage
   283 | D:3      | Learned a level 3 spell: Frozen Ramparts
   315 | D:3      | Learned a level 4 spell: Hailstorm
   365 | D:3      | Reached XP level 5. HP: 39/39 MP: 7/11
   444 | D:4      | Reached skill level 1 in Conjurations
   492 | D:4      | Found a one-way gate to the infinite horrors of the Abyss.
   496 | D:4      | Noticed a phantom
   523 | D:4      | Killed a necrophage
   524 | D:4      | Reached XP level 6. HP: 26/46 MP: 0/12
   700 | D:5      | Entered Level 5 of the Dungeon
   711 | D:5      | Noticed an ogre
   715 | D:5      | Killed an ogre
   716 | D:5      | Reached skill level 5 in Conjurations
   716 | D:5      | Reached XP level 7. HP: 28/51 MP: 0/13
   789 | D:5      | Reached skill level 6 in Ice Magic
   819 | D:5      | Found Tinuf's Weapon Boutique.
   863 | D:5      | Noticed Edmund
   867 | D:5      | Reached skill level 1 in Fighting
   869 | D:5      | Slain by Edmund

Illustrated notes

Levels and vault maps discovered:
D:1:      psy_arrival_basics, layout_basic, hellmonk_ecumenical_altar_blasted,
          minmay_lizard_pond
D:2:      layout_loops_ring, kennysheep_potato
D:3:      minmay_chambers_of_twos, layout_basic, minmay_snake_closets
D:4:      due_chaos_kobolds, layout_basic, dk_noncrumbling_3
D:5:      layout_basic, minmay_temple_entry_wispy, serial_shops,
          nicolae_shop_temple_entry_statues_fountains, minmay_small_thing,
          uniq_menkaure, uniq_edmund

Skill      XL: |  1  2  3  4  5  6  7 |
---------------+----------------------+-----
Spellcasting   | 3 4 |  4.7
Ice Magic      | 5 6 |  6.2
Conjurations   | 3 5 |  5.6
Dodging        | 3 |  3.0
Fighting       | 1 |  1.0
Stealth        | |  1.4

Action                   |  1- 3 |  4- 6 |  7- 9 || total
-------------------------+-------+-------+-------++-------
Melee: Unarmed           |     5 |    12 |       ||    17
       Punch             |       |     1 |       ||     1
       Long sword        |       |       |     4 ||     4
 Cast: Freeze            |    21 |    15 |     5 ||    41
       Frozen Ramparts   |       |    12 |     6 ||    18
       Hailstorm         |       |     3 |     3 ||     6
  Use: Scroll            |     2 |     3 |       ||     5
       Potion            |       |     1 |     2 ||     3
Armor: Robe              |     2 |     6 |     6 ||    14
Dodge: Dodged            |    10 |    19 |    12 ||    41
